 Dungeon Crawl Stone Soup version 0.24-a0-592-g9a1d66b0e3 (webtiles) character file.

Game seed: 16305634266091701470, levelgen mode: deterministic

2 Chimkentus the Skirmisher (level 1, -2/16 HPs)
             Began as an Octopode Abyssal Knight on Sept 9, 2019.
             Was an Initiate of Lugonu.
             Slain by a jackal (3 damage)
             ... on level 1 of the Dungeon.
             The game lasted 00:01:44 (72 turns).

Chimkentus the Skirmisher (Octopode Abyssal Knight)   Turns: 72, Time: 00:01:46

Health: -2/16      AC:  1    Str: 11    XL:     1   Next: 30%
Magic:  2/2        EV: 13    Int: 14    God:    Lugonu [......]
Gold:   0          SH:  0    Dex: 11    Spells: 0/0 levels left

rFire    . . .     SeeInvis .   a - +1 hand axe
rCold    . . .     Gourm    .   (no shield)
rNeg     . . .     Faith    .   (helmet restricted)
rPois    .         Spirit   .   (no amulet)
rElec    .         Reflect  .   (no ring)
rCorr    .         Harm     .   (no ring)
MR       .....                  (no ring)
Stlth    ++........             (no ring)
HPRegen  0.05/turn              (no ring)
MPRegen  0.08/turn              (no ring)
                                (no ring)
                                (no ring)

@: no status effects
A: almost no armour, stealthy swim, amphibious, 8 rings, constrict 8, camouflage
1, gelatinous body 1
a: Renounce Religion


You were on level 1 of the Dungeon.
You worshipped Lugonu.
Lugonu was noncommittal.
You were not hungry.

You visited 1 branch of the dungeon, and saw 1 of its levels.
You visited the Abyss 1 time.

Inventory:

Hand Weapons
 a - a +1 hand axe (weapon)
Comestibles
 b - a ration


   Skills:
 * Level 3.1 Fighting
 + Level 2.0 Axes
 * Level 2.3 Dodging
 * Level 2.0 Invocations


You couldn't memorise any spells.
You didn't know any spells.
Your spell library was empty.

Dungeon Overview and Level Annotations

Branches:
Dungeon (1/15)

Altars:


Innate Abilities, Weirdness & Mutations

You cannot wear most types of armour.
You are very stealthy in the water. (Stealth+)
You are amphibious.
You can wear up to eight rings at the same time.
You can use your tentacles to constrict eight enemies at once.
Your skin changes colour to match your surroundings (Stealth+).
Your rubbery body absorbs attacks. (AC +1, EV +1)


Message History

You slash the bat!
You kill the bat!
Lugonu accepts your kill.
You hit the jackal.
The jackal bites you but does no damage.
The jackal completely misses you. The jackal barely misses you.
You completely miss the jackal. You grab the jackal.
You barely miss the jackal.
You constrict the jackal, but do no damage.
The jackal misses you.
The jackal escapes!
The jackal bites you.
* * * LOW HITPOINT WARNING * * *
The jackal bites you.
* * * LOW HITPOINT WARNING * * *
You hit the jackal.
You kill the jackal!
Lugonu accepts your kill.
You barely miss the jackal. You hit the jackal. The jackal bites you.
* * * LOW HITPOINT WARNING * * *
The jackal misses you. The jackal bites you.
You die...

### ##### #..
#.... #.## #....
... #....##### #.#
...... .. ####.#
...# ..
#hhKl########.##..
#@##.....K...l....
#..#.#h#.####g#...
#.#.#.#.#.# #.#...
#..#.#.#.## #.#...
###.#.#.#.# #.#...
#.#.#<#.## #.#g#+
##.#.#.#.# #.#.#
#.#.# #.## #.#K#.
##.# #.# #.#.#.


You could see 2 jackals, a kobold and a frilled lizard.

Vanquished Creatures
  A jackal (D:1)
  A bat (D:1)
2 creatures vanquished.

Notes
Turn   | Place    | Note
-------+----------+-------------------------------------------
     0 | Abyss:1  | Chimkentus the Octopode Abyssal Knight began the quest for
                  | the Orb.
     0 | Abyss:1  | Reached XP level 1. HP: 16/16 MP: 2/2
    20 | Abyss:1  | Noticed an efreet
    21 | D:1      | Escaped the Abyss
    72 | D:1      | Slain by a jackal

Levels and vault maps discovered:
D:1:      lightli_arrival_chessboard, layout_basic

Action                   || total
-------------------------++-------
Melee: Hand axe          ||     5
       Constrict         ||     1
Invok: Depart the Abyss  ||     1
  Use: Scroll            ||     2
Armor: Skin              ||     6
Dodge: Dodged            ||    24

Table legend:
 A = Non-vault XP
 B = Vault XP
 C = Vault XP percentage of total XP
 D = Non-vault monster count
 E = Vault monster count
 F = Vault count percentage of total count
                 A         B        C        D         E       F
            +---------+---------+-------+---------+---------+-------
      Total |       3 |       0 |   0.0 |       2 |       0 |   0.0
            +---------+---------+-------+---------+---------+-------
        D:1 |       3 |       0 |   0.0 |       2 |       0 |   0.0
            +---------+---------+-------+---------+---------+-------
